 Dungeon Crawl Stone Soup version 0.30-a0-358-g0d69a1922f (webtiles) character file.

Game seed: 156812849706241122

105 KennySheep the Conjurer (level 4, 0/35 HPs)
             Began as a Demigod Conjurer on Nov 9, 2022.
             Slain by a gnoll
             ... wielding a +0 halberd
              (8 damage)
             ... on level 2 of the Dungeon on Nov 10, 2022.
             The game lasted 00:07:05 (1115 turns).

KennySheep the Conjurer (Demigod Conjurer)          Turns: 1115, Time: 00:07:06

Health: 0/35       AC:  2    Str:  8    XL:     4   Next: 29%
Magic:  9/9        EV: 12    Int: 20    God:
Gold:   70         SH:  0    Dex: 16    Spells: 3/6 levels left

rFire   . . .      SeeInvis .    b - +0 sling
rCold   . . .      Faith    .    (no shield)
rNeg    . . .      Spirit   .    e - +0 robe
rPois   .          Reflect  .    (no helmet)
rElec   .          Harm     .    (no cloak)
rCorr   .          Rampage  .    (no gloves)
Will    .....                    (no boots)
Stlth   ++........               (no amulet)
HPRegen 0.25/turn                (no ring)
MPRegen 0.11/turn                (no ring)

@: mighty, about to teleport
A: high MP 1, forlorn, divine attributes
a: no special abilities


You were on level 2 of the Dungeon.
You visited 1 branch of the dungeon, and saw 2 of its levels.

You collected 70 gold pieces.

Inventory:

Hand Weapons
 a - a +0 short sword
 b - a +0 sling (weapon)
Armour
 e - a +0 robe (worn)
Scrolls
 g - a scroll of identify
 h - a scroll of teleportation
 j - 2 scrolls of immolation
 l - a scroll of torment {unknown}
 m - a scroll of butterflies {unknown}
Potions
 d - 2 potions of curing {unknown}
 f - a potion of magic
 i - a potion of heal wounds {unknown}
 k - a potion of flight {unknown}
 n - a potion of haste {unknown}
 o - a potion of cancellation {unknown}


   Skills:
 + Level 1.3 Fighting
 * Level 2.1 Ranged Weapons
 + Level 2.3 Dodging
 + Level 2.4 Stealth
 - Level 1.8 Spellcasting
 - Level 3.7 Conjurations
 - Level 0.6 Translocations


You had 3 spell levels left.
You knew the following spells:

 Your Spells              Type           Power      Damage    Failure   Level
a - Magic Dart            Conj           64%        1d6       3%          1
b - Searing Ray           Conj           32%        2d5       5%          2

Your spell library contained the following spells:

 Spells                   Type           Power      Damage    Failure   Level
 Dazzling Flash           Conj/Hex       18%        N/A       22%         3
 Iskenderun's Mystic Bla  Conj/Tloc      10%        2d4       54%         4
 Fulminant Prism          Conj/Hex       4%         3d5       58%         4
 Freezing Cloud           Conj/Ice/Air   3%         6-21      95%         5
 Simulacrum               Ice/Necr       0%         N/A       100%        6
 Polar Vortex             Ice            0%         N/A       100%        9


Dungeon Overview and Level Annotations

Branches:
Dungeon (2/15)

Shops:
D:1 *


Innate Abilities, Weirdness & Mutations

You have an increased reservoir of magic. (+10% MP)
You shall have no god before yourself.
Your divine heritage dramatically boosts your attributes as you level up.


Message History

The sling bullet barely misses the gnoll.
You hear an angry hiss.
A ball python comes into view.
You shoot a sling bullet. The sling bullet hits the gnoll.
The gnoll is severely wounded.
You shoot a sling bullet. The sling bullet hits the gnoll.
You kill the gnoll!
You shoot a sling bullet. The sling bullet hits the ball python.
You kill the ball python!
No target in view!
Things that are here:
a +0 flail; a gnoll corpse You shoot a sling bullet.
The sling bullet hits the kobold.
The kobold is moderately wounded.
The kobold barely misses you.
You shoot a sling bullet.
The sling bullet closely misses the kobold.
The sling bullet hits the gnoll.
The gnoll is moderately wounded.
The kobold hits you with a +0 dagger. The gnoll closely misses you.
The kobold hits you but does no damage.
The gnoll hits you from afar with a +0 halberd!
You shoot a sling bullet. The sling bullet hits the kobold.
You kill the kobold!
The gnoll hits you from afar with a +0 halberd!
* * * LOW HITPOINT WARNING * * *
Things that are here:
a +0 flail; a gnoll corpse
Okay, then.
Okay, then.
Casting: Searing Ray (safe; 5% risk of failure)
Confirm with . or Enter, or press ? or * to list all spells.
Okay, then.
As you read the scroll of teleportation, it crumbles to dust.
You feel strangely unstable. The gnoll closely misses you.
The gnoll barely misses you.
It was a potion of might.
You feel very mighty all of a sudden.
The gnoll hits you from afar with a +0 halberd!
You die...

...###......#........
##...................
....##.......##......
...............<.....
..####.......#####...
#.......# ####
###....#######..
#####...#...##......
#..@g............##. ##
######g###.##.....######.
....#......#
#.##..#.###.....
#.....######.#...#.# #.####
#..####..........#.#.###.#
#...............#.#...#.####
##...........##...###.......
#..#####).##..##....###.####
#.. ##.###.####...#..#


You could see 2 gnolls.

Vanquished Creatures
  Terence (D:2)
  5 gnolls (D:2)
  3 dart slugs
  An endoplasm (D:2)
  A giant cockroach (D:1)
  A goblin (D:1)
  2 hobgoblins
  5 jackals
  4 kobolds
  2 ball pythons
  A bat (D:2)
  A frilled lizard (D:1)
  5 rats
32 creatures vanquished.

Notes
Turn   | Place    | Note
-------+----------+-------------------------------------------
     0 | D:1      | KennySheep the Demigod Conjurer began the quest for the
                  | Orb.
     0 | D:1      | Reached XP level 1. HP: 14/14 MP: 5/5
   125 | D:1      | Found Welabain's General Store.
   204 | D:1      | Reached XP level 2. HP: 20/20 MP: 1/7
   207 | D:1      | Learned a level 2 spell: Searing Ray
   717 | D:2      | Reached skill level 1 in Ranged Weapons
   797 | D:2      | Noticed Terence
   807 | D:2      | Killed Terence
   808 | D:2      | Reached XP level 3. HP: 27/27 MP: 2/8
   950 | D:2      | Reached skill level 1 in Fighting
   957 | D:2      | Reached XP level 4. HP: 26/35 MP: 4/9
  1115 | D:2      | Slain by a gnoll

Illustrated notes

Levels and vault maps discovered:
D:1:      nzn_arrival_water_spiral, layout_rooms, serial_shops,
          nicolae_diamond_shop
D:2:      layout_rooms, shapermc_ecumenical_altar_mp_vishouse, uniq_terence

Skill      XL: |  1  2  3  4 |
---------------+-------------+-----
Stealth        | 2 |  2.4
Ranged Weapons | 1 2 |  2.1
Dodging        | 2 |  2.3
Fighting       | 1 |  1.3
Spellcasting   | |  1.8
Conjurations   | |  3.7
Translocations | |  0.6

Action                   |  1- 3 |  4- 6 || total
-------------------------+-------+-------++-------
Melee: Unarmed           |    12 |       ||    12
       Short sword       |     4 |       ||     4
 Fire: Sling             |    59 |    14 ||    73
 Cast: Magic Dart        |    27 |       ||    27
       Searing Ray       |     2 |     1 ||     3
  Use: Scroll            |     2 |     1 ||     3
       Potion            |       |     1 ||     1
Armor: Robe              |     6 |     1 ||     7
Dodge: Dodged            |    40 |     5 ||    45

Table legend: (Time is in decaauts)
 A = Elapsed time spent in this place.
 B = Non-inter-level travel time spent in this place.
 C = Inter-level travel time spent in this place.
 D = Time resting spent in this place.
 E = Time spent auto-exploring this place.
 F = Levels seen in this place.
 G = Mean time per level.
                   A        B        C        D        E       F      G
               +--------+--------+--------+--------+--------+-----+--------+
         Total |   1138 |   1085 |     53 |     95 |    721 |   2 |  569.0 |
       Dungeon |   1138 |   1085 |     53 |     95 |    721 |   2 |  569.0 |
               +--------+--------+--------+--------+--------+-----+--------+

Top non-repeatable levels by time:
     D:1: 717 daAuts
     D:2: 421 daAuts
